[Event "*** Titled Tuesday Blitz"]
[Site "Chess.com"]
[Date "2020.11.10"]
[Round "7"]
[White "Tactictic"]
[Black "dosto07"]
[Result "1-0"]
[WhiteElo "2431"]
[BlackElo "2323"]
[TimeControl "180+1"]
[EndTime "11:22:28 PST"]
[Termination "Tactictic won on time"]

1. e4 e5 2. Nf3 Nc6 3. Bc4 Bc5 4. O-O d6 5. c3 Nf6 6. d3 a6 7. a4 Ba7 8. Re1 O-O 9. h3 h6 10. Nbd2 Ne7 11. d4 Ng6 12. Bb3 Re8 13. a5 c6 14.
Bc2 b5 15. axb6 Bxb6 16. Nc4 Bc7 17. dxe5 dxe5 18. Be3 Be6 19. Qxd8 Rexd8 20. Na5 Bd7 21. b4 Nf4 22. Bxf4 exf4 23. Nb7 Re8 24. Nc5 Bc8 25.
Ba4 Ra7 26. Bxc6 Rd8 27. Nd4 Be5 28. Nb5 Re7 29. Nxa6 Rd2 30. Nc5 Be6 31. Rad1 Rxd1 32.
Rxd1 f3 33. Nxe6 Rxe6 34. Bd5 Ra6 35. Nd4 Nxd5 36. exd5 fxg2 37. Kxg2 Ra2 38. c4 Kf8 39. c5 Rb2 40. Nc6 Bc3 41. d6 1-0

[Event "*** Titled Tuesday Blitz"]
[Site "Chess.com"]
[Date "2020.11.10"]
[Round "7"]
[White "tylityli"]
[Black "Bodnar_Mykola"]
[Result "0-1"]
[WhiteElo "2247"]
[BlackElo "2376"]
[TimeControl "180+1"]
[EndTime "11:22:29 PST"]
[Termination "Bodnar_Mykola won on time"]

1. d4 Nf6 2. c4 e6 3. Nc3 Bb4 4. e3 O-O 5. Ne2 Re8 6. a3 Bf8 7. g3 d5 8. cxd5 exd5 9. Bg2 c6 10. O-O a5 11. f3 c5 12. Nb5 Nc6 13. Kh1 b6 14.
Nf4 Ba6 15. a4 cxd4 16. exd4 Nb4 17. Bd2 Qd7 18. Bxb4 Bxb4 19. Qd3 Re7 20. Bh3 Qb7 21.
Rac1 Rae8 22. Bg2 g6 23. h4 Kg7 24. Kh2 Re3 25. Qd1 R8e7 26. Rf2 Bxb5 27. axb5 Qd7 28. Bf1 Bd6 29. Nd3 Nh5 30. f4 Nxg3 31. Ne5 Bxe5 32.
fxe5 Nxf1+ 33. Qxf1 Qg4 34. Rf4 Qg3+ 35. Kh1 h6 36.
Qf2 Qxf2 37. Rxf2 Re4 38. Rc6 Rxh4+ 39. Kg2 Rxd4 40. Rxb6 Re4 41. Rd6 R4xe5 42. b6 Rb7 43. Rc2 d4 44. Rc7 Rxc7 45. bxc7 Rc5 46. Rd7 Kf6 47. Kf3 Ke6 48. Rxd4 Rxc7 49. Ra4 Rb7 0-1

[Event "*** Titled Tuesday Blitz"]
[Site "Chess.com"]
[Date "2020.11.10"]
[Round "7"]
[White "SaqoChess_Twitch"]
[Black "kingofthenil"]
[Result "0-1"]
[WhiteElo "2447"]
[BlackElo "2678"]
[TimeControl "180+1"]
[EndTime "11:22:30 PST"]
[Termination "kingofthenil won by checkmate"]

1. d4 Nf6 2. c4 c5 3. d5 e6 4. Nc3 exd5 5. cxd5 g6 6. Nf3 Bg7 7. Bf4 O-O 8. h3 d6 9. e3 Na6 10. Be2 Nc7 11. O-O Rb8 12. a4 b6 13. Bc4 a6 14.
Qd3 Re8 15. e4 b5 16. axb5 axb5 17. Nxb5 Nxb5 18. Bxb5 Rxe4 19. Bh2 Rb4 20. Bc6 Bf5 21. Qe3 Rxb2 22. Rfe1 h6 23. Ra7 Rb1 24. Bg3 Ne4 25. Rxb1 Rxb1+ 26. Kh2 Nxg3 27. fxg3 Rb8 28. Re7 Qf8 29. g4 Bf6 30. Ra7 Bc2 31. h4 c4 32.
Qf4 Qg7 33. Qxc4 Bd1 34. Ra2 Bb3 35. Qa6 Bxa2 36. Qxa2 Be5+ 37. Kh3 Qf6 38. Qa7 Rb1 39. Nxe5 Rh1+ 40. Kg3 Qxe5+ 41. Kf2 Qe1+ 42. Kf3 Rf1+ 43. Qf2 Qxf2+ 44. Ke4 Qf4+ 45. Kd3 Rd1+ 46. Kc3 Qd4+ 47. Kc2 Rd2+ 48. Kb3 Qb2+ 49. Kc4 Rd4# 0-1

[Event "*** Titled Tuesday Blitz"]
[Site "Chess.com"]
[Date "2020.11.10"]
[Round "7"]
[White "Harry_Rakkel"]
[Black "tandaleo"]
[Result "0-1"]
[WhiteElo "2525"]
[BlackElo "2309"]
[TimeControl "180+1"]
[EndTime "11:22:33 PST"]
[Termination "tandaleo won by resignation"]

1. d4 d5 2. Bf4 Nf6 3. e3 e6 4. Nf3 Bd6 5. Bg3 O-O 6. Nbd2 c5 7. c3 Qc7 8. Bd3 Nbd7 9. O-O e5 10. dxe5 Nxe5 11.
Nxe5 Bxe5 12. Nf3 Bxg3 13. hxg3 Bg4 14. Qa4 c4 15. Bc2 Bxf3 16. gxf3 Rfe8 17. Kg2 a6 18. Rad1 b5 19. Qa3 Qe5 20. Qc5 h5 21. Rh1 g6 22.
Qd4 Qxd4 23. Rxd4 a5 24. g4 hxg4 25. fxg4 Re5 26. Bd1 b4 27. Bf3 Rb8 28. Rhd1 Rb5 29. Kf1 Kf8 30. R1d2 Ke7 31. Kg2 Ke6 32. Rd1 bxc3 33. bxc3 a4 34. R4d2 a3 35. Rh1 Kd6 36. Rh8 Re8 37. Rh1 Rb2 38. Rd4 Rxa2 39. g5 Ne4 40.
Bxe4 Rxe4 41. Rxe4 dxe4 42. Rd1+ Kc5 43. Rd7 Rc2 44.
Rxf7 Rxc3 45. Ra7 Rb3 46. Kg3 c3 47. Kf4 Kb6 48. Ra8 Kb7 49. Ra4 c2 50. Rc4 a2 0-1

[Event "*** Titled Tuesday Blitz"]
[Site "Chess.com"]
[Date "2020.11.10"]
[Round "7"]
[White "igorknyazev"]
[Black "Kristina_Kim"]
[Result "1-0"]
[WhiteElo "2012"]
[BlackElo "2159"]
[TimeControl "180+1"]
[EndTime "11:22:33 PST"]
[Termination "igorknyazev won on time"]

1. e4 c5 2. f4 g6 3. Nf3 Bg7 4. Bc4 Nc6 5. O-O e6 6. Qe1 Nf6 7. c3 O-O 8. d3 d5 9. Bb3 b5 10. e5 Nd7 11. Nbd2 c4 12. Bc2 Bb7 13. d4 a5 14. g4 b4 15. f5 exf5 16. gxf5 Re8 17. f6 Bxf6 18. Qg3 Bg7 19. h4 Ndxe5 20. Nxe5 Nxe5 21. dxe5 Bxe5 22. Qf2 Qc7 23. h5 Rad8 24. Nf3 Bg7 25. Nd4 bxc3 26. bxc3 Bc8 27. Bf4 Be5 28. Ba4 Bd7 29. Bxd7 Qxd7 30. Rae1 Bxf4 31. Qxf4 Rxe1 32. Rxe1 Re8 33. Rxe8+ Qxe8 34. h6 Qe1+ 35. Kg2 Qe4+ 36.
Kg3 Qxf4+ 37. Kxf4 Kf8 38. Ke5 Ke7 39. Nc6+ Kd7 40.
Nxa5 f5 41. Kxd5 g5 42. Nxc4 f4 43. Ne5+ Ke7 44. Ng4 Kf7 45. Ke5 Kg6 46. a4 f3 47.
a5 Kh5 48. Kf5 Kh4 49. a6 1-0

[Event "*** Titled Tuesday Blitz"]
[Site "Chess.com"]
[Date "2020.11.10"]
[Round "7"]
[White "hypert"]
[Black "elamier"]
[Result "1-0"]
[WhiteElo "2473"]
[BlackElo "2343"]
[TimeControl "180+1"]
[EndTime "11:22:34 PST"]
[Termination "hypert won on time"]

1. e4 e5 2. Nf3 Nc6 3. Bb5 a6 4.
Ba4 Nf6 5. O-O b5 6. Bb3 Nxe4 7. d4 d5 8. dxe5 Be6 9. Qe2 Be7 10. Rd1 O-O 11.
c4 bxc4 12. Bxc4 Nc5 13. Nc3 d4 14. Bxe6 Nxe6 15. Qc4 Na5 16. Qa4 c5 17. Ne4 Qc7 18.
h4 Nc6 19. Re1 Nxe5 20. Nxe5 Qxe5 21. Bg5 Qc7 22. Rac1 Bd6 23. Qc4 Rfc8 24. Qd5 Rab8 25.
Qxd6 Qxd6 26. Nxd6 Rc6 27. Nc4 h6 28. Bd2 Rd8 29.
h5 Nc7 30. Ba5 Rd5 31. Bxc7 Rxc7 32. Re5 Rxe5 33. Nxe5 f6 34. Nc4 Rd7 35. Nd2 Rd5 36. g3 Rxh5 37. Nb3 Re5 38. Nxc5 Re2 39. Rb1 Rc2 40. Kf1 Rxc5 41. Ke2 Kf7 42. Kd3 1-0

[Event "*** Titled Tuesday Blitz"]
[Site "Chess.com"]
[Date "2020.11.10"]
[Round "7"]
[White "gumimis"]
[Black "Keures"]
[Result "0-1"]
[WhiteElo "2202"]
[BlackElo "2342"]
[TimeControl "180+1"]
[EndTime "11:22:34 PST"]
[Termination "Keures won on time"]

1. e4 e6 2. d4 d5 3. Nc3 Nf6 4. e5 Ne4 5. Nce2 f6 6. Nf3 c5 7.
c3 Nc6 8. Nf4 cxd4 9. exf6 gxf6 10. cxd4 Bb4+ 11. Bd2 Qa5 12. Bd3 Bxd2+ 13. Nxd2 Qxd2+ 14. Qxd2 Nxd2 15. Kxd2 Nxd4 16. Rhe1 Kf7 17. Rac1 Nc6 18.
b4 a6 19. a4 Bd7 20. b5 axb5 21. axb5 Ne5 22. Rc7 Ke7 23. Rxb7 Rhb8 24. Rxb8 Rxb8 25.
Nxd5+ exd5 26. f4 Kd6 27. fxe5+ fxe5 28. Bxh7 Rh8 29. Bd3 Rxh2 30. Rg1 Rh4 31. Be2 Rb4 32. g4 Bxb5 33. Bxb5 Rxb5 34. g5 Rb7 35. Ra1 Rg7 36. Ra6+ Kc5 37. g6 e4 38. Ke3 Re7 39. Ra5+ Kd6 40. Ra6+ Ke5 41. Rb6 d4+ 42. Ke2 Ra7 43. Rb5+ Kf4 44. Rd5 d3+ 45. Kd2 Ra2+ 46. Kc1 Rg2 47.
Rd6 Ke3 0-1

[Event "*** Titled Tuesday Blitz"]
[Site "Chess.com"]
[Date "2020.11.10"]
[Round "7"]
[White "Jospem"]
[Black "RaunakSadhwani2005"]
[Result "0-1"]
[WhiteElo "2917"]
[BlackElo "3004"]
[TimeControl "180+1"]
[EndTime "11:22:35 PST"]
[Termination "RaunakSadhwani2005 won by checkmate"]

1. e4 c6 2. d4 d5 3. exd5 cxd5 4.
Bd3 Nf6 5. h3 Nc6 6. Nf3 g6 7. c3 Bf5 8. O-O Bxd3 9. Qxd3 Bg7 10.
Bf4 O-O 11. Nbd2 Rc8 12. Qe3 e6 13. Bh6 b5 14. Bxg7 Kxg7 15. a3 a5 16. Nb3 Nd7 17. Nc5 Nxc5 18. dxc5 a4 19. Nd4 Na5 20. f4 Nc4 21.
Qf2 Qe7 22. Rae1 Qb7 23. h4 h5 24. Re2 Qa7 25. Kh1 Kh7 26. Rg1 Rh8 27. g4 hxg4 28. Rxg4 Qxc5 29. h5 Kg8 30. Qh4 Qf8 31. Nxe6 Qh6 32.
Rg5 Nd6 33. Qg4 Ne4 34. Nd4 Nxg5 35. Qxc8+ Kg7 36. Qg4 Qxh5+ 37. Qxh5 Rxh5+ 38. Kg2 Ne4 39. Nxb5 Rh4 40. Nc7 Rxf4 41. Nxd5 Rg4+ 42. Kh2 f5 43. Nb6 Ng5 44. Kh1 Nf3 45. Rg2 Rh4+ 46. Rh2 Rxh2# 0-1

[Event "*** Titled Tuesday Blitz"]
[Site "Chess.com"]
[Date "2020.11.10"]
[Round "7"]
[White "bazar-wokzal"]
[Black "Anaj14"]
[Result "1-0"]
[WhiteElo "2503"]
[BlackElo "2348"]
[TimeControl "180+1"]
[EndTime "11:22:35 PST"]
[Termination "bazar-wokzal won on time"]

1. e4 c5 2. c3 d5 3. exd5 Qxd5 4.
d4 Nf6 5. Nf3 e6 6. a3 Be7 7.
Be3 cxd4 8. cxd4 Nc6 9. Nc3 Qa5 10. b4 Qc7 11. Rc1 a6 12. Qc2 O-O 13. Bd3 h6 14.
O-O Rd8 15. Qd2 Bf8 16. Rfd1 Bd7 17. Bf4 Qb6 18. Na4 Qa7 19. Bc7 Rdc8 20. Bb6 Qb8 21. Nc5 Be8 22. Ne4 Nd7 23. Bc5 Nxc5 24. dxc5 Ne5 25. Nxe5 Qxe5 26. Bb1 Ba4 27. Re1 Rd8 28. Qe3 Bc6 29. f4 Qd4 30. Kf2 Qxe3+ 31. Kxe3 Rd7 32. Red1 Rad8 33. Bc2 f5 34. Nc3 Bxg2 35.
Bb3 Kf7 36. Rxd7+ Rxd7 37. h4 Be7 38. h5 Bf6 39. Ne2 Be4 40. Bc4 Ke7 41. Rg1 Bb2 42. a4 Kf6 43. Rg6+ Kf7 44. Bxe6+ Ke7 45. Bxd7 Kxd7 46.
Nd4 1-0

[Event "*** Titled Tuesday Blitz"]
[Site "Chess.com"]
[Date "2020.11.10"]
[Round "7"]
[White "Gogolev_Artemy"]
[Black "kai_nov"]
[Result "1-0"]
[WhiteElo "2496"]
[BlackElo "2327"]
[TimeControl "180+1"]
[EndTime "11:22:35 PST"]
[Termination "Gogolev_Artemy won on time"]

1. c4 e6 2. Nf3 d5 3. g3 c6 4. Bg2 dxc4 5. a4 Nf6 6. Qc2 Qd5 7.
O-O Nbd7 8. Na3 Bxa3 9. Rxa3 O-O 10. Rd1 e5 11. d3 cxd3 12. Raxd3 Qe6 13. Ng5 Qe7 14. Be3 h6 15. Ne4 Nxe4 16. Bxe4 f5 17. Bg2 f4 18. Rxd7 Bxd7 19. Bc5 Qf7 20. Bxf8 Rxf8 21.
Rf1 Qe7 22. Be4 Bh3 23. Rd1 Qf6 24. f3 Qg5 25. Kf2 fxg3+ 26. hxg3 Bf5 27. Bxf5 Qxf5 28. Qc4+ Qf7 29. Qc5 e4 30. f4 a6 31. Rd4 Qe6 32. Qc4 e3+ 33. Kf3 Qxc4 34. Rxc4 Re8 35. Rb4 Re7 36. Re4 Kf7 37. Rxe7+ Kxe7 38. Kxe3 a5 39. Kd4 Kd6 40. e4 b5 41. b3 h5 42. e5+ 1-0

[Event "*** Titled Tuesday Blitz"]
[Site "Chess.com"]
[Date "2020.11.10"]
[Round "7"]
[White "Kotofeyca"]
[Black "pastouche06"]
[Result "0-1"]
[WhiteElo "2376"]
[BlackElo "2523"]
[TimeControl "180+1"]
[EndTime "11:22:36 PST"]
[Termination "pastouche06 won by checkmate"]

1. d4 d5 2. c4 e6 3. Nc3 a6 4. cxd5 exd5 5. Nf3 Nf6 6. Bg5 Be6 7. e3 Nbd7 8. Bd3 Bd6 9. O-O O-O 10. a3 c6 11. b4 Qc7 12. Na4 Ne4 13. Bh4 Bg4 14. Bg3 Bxg3 15. hxg3 Nd6 16. Nc5 Bf5 17. Bxf5 Nxf5 18.
Qc2 Nd6 19. a4 g6 20. Nxd7 Qxd7 21. Ne5 Qe7 22. g4 f6 23. Nd3 Qe4 24. Qe2 Rae8 25. Rae1 Kg7 26. f3 Qe7 27. Kf2 f5 28. Ne5 fxg4 29.
Nxg4 Ne4+ 30. Kg1 Ng3 31. Qf2 Nxf1 32. Kxf1 Qxb4 33. Ne5 Qxa4 34. f4 c5 35. Qb2 cxd4 36. Qxb7+ Kh8 37. Qxd5 Qb5+ 38. Qxb5 axb5 39. g3 Rxe5 40.
Kf2 Rxe3 41. Rb1 Rb8 42. Rb4 Rc3 43. Rxd4 b4 44. Rd1 b3 45. Rb1 b2 46. Ke2 Rc1 47.
Rxb2 Rxb2+ 48. Kf3 h5 49. Ke4 Rc3 50. Ke5 Rb6 51.
f5 gxf5 52. Kf4 h4 53. Kg5 hxg3 54. Kh5 f4 55. Kh4 f3 56. Kh3 f2 57. Kg2 f1=Q+ 58.
Kxf1 Rb2 59. Ke1 Rc1# 0-1

[Event "*** Titled Tuesday Blitz"]
[Site "Chess.com"]
[Date "2020.11.10"]
[Round "7"]
[White "Skat2704"]
[Black "ZverevLev"]
[Result "1-0"]
[WhiteElo "2416"]
[BlackElo "2263"]
[TimeControl "180+1"]
[EndTime "11:22:37 PST"]
[Termination "Skat2704 won on time"]

1. d4 Nf6 2. c4 e6 3. g3 d5 4.
Nf3 dxc4 5. Bg2 Nc6 6. Qa4 Be7 7. Qxc4 O-O 8. O-O Qd5 9. Qa4 Qa5 10. Qc2 Rd8 11.
Bd2 Bb4 12. e3 Bxd2 13. Nbxd2 Nb4 14. Qb3 Nc6 15. Nc4 Qh5 16. Nfe5 Nxe5 17. Nxe5 Ng4 18. Nf3 c6 19. h3 Nf6 20. Ne5 Nd7 21. Nd3 Rb8 22. Nf4 Qa5 23. Rac1 e5 24. Ne2 exd4 25. Nxd4 Ne5 26. Qc2 Bd7 27. a3 Qc7 28. f4 Ng6 29. Kh2 Ne7 30. e4 Qd6 31. Rfd1 Qg6 32. e5 Qh6 33. Nf3 Nf5 34. Rd3 Ne7 35. Qd2 Nd5 36.
Rd1 Be6 37. Nd4 Rd7 38. f5 Bxf5 39. Nxf5 Qxd2 40. R1xd2 Rbd8 41. Nd6 1-0

[Event "*** Titled Tuesday Blitz"]
[Site "Chess.com"]
[Date "2020.11.10"]
[Round "7"]
[White "picturesquecheck"]
[Black "Matols"]
[Result "0-1"]
[WhiteElo "2097"]
[BlackElo "2251"]
[TimeControl "180+1"]
[EndTime "11:22:37 PST"]
[Termination "Matols won by resignation"]

1. e4 e6 2. d4 d5 3. Nd2 c5 4.
exd5 Qxd5 5. Ngf3 cxd4 6. Bc4 Qd6 7. O-O Nf6 8. Nb3 Nc6 9. Nfxd4 Nxd4 10. Nxd4 a6 11. Re1 Qc7 12. Qe2 Bd7 13. Bg5 O-O-O 14.
Rad1 Bd6 15. h3 h6 16. Be3 Kb8 17. Bb3 g5 18. a4 Ne4 19. Qf3 f5 20. Bxe6 g4 21.
hxg4 Ng5 22. Bxg5 hxg5 23. Bxd7 Rxd7 24. Qc3 Bc5 25. g3 Rdh7 26. Kf1 Rh1+ 27. Ke2 Re8+ 28.
Kd2 Rhxe1 29. Rxe1 Rd8 30. Kc1 Bxd4 31. Qxc7+ Kxc7 32. gxf5 Bxf2 33. Re7+ Kc6 34. f6 Bxg3 35. f7 Rf8 36.
Kb1 Bd6 37. Re6 Rxf7 38. Rg6 Rf5 39. b4 Kd5 40. Kb2 Bxb4 41. Kb3 Bc5 42. c4+ Kd4 43. Rg7 Rf3+ 44. Kb2 Rf5 45. Rxb7 Kxc4 46. Rg7 Rf2+ 0-1

[Event "*** Titled Tuesday Blitz"]
[Site "Chess.com"]
[Date "2020.11.10"]
[Round "7"]
[White "Funo09"]
[Black "ShapkinAnatoliy"]
[Result "1/2-1/2"]
[WhiteElo "2812"]
[BlackElo "2633"]
[TimeControl "180+1"]
[EndTime "11:22:38 PST"]
[Termination "Game drawn by repetition"]

1. e4 e5 2. Nf3 Nc6 3. Bb5 Nf6 4. O-O Nxe4 5. Re1 Nd6 6. a4 Be7 7. Nc3 O-O 8. d4 e4 9. Nxe4 Nxe4 10. Rxe4 d5 11. Re1 Bd6 12. Bg5 Ne7 13. Bh4 c6 14.
Bd3 f6 15. Bg3 Bg4 16. c3 Bxg3 17. hxg3 Qd7 18. a5 Rae8 19. Qc2 Bxf3 20. Bxh7+ Kh8 21.
gxf3 f5 22. Bxf5 Nxf5 23. Kg2 g6 24. Qd2 Kg7 25. Rh1 Rh8 26. Qf4 Qd6 27. Qd2 a6 28. b3 Qf6 29. Qf4 Re2 30. Rxh8 Kxh8 31. Qb8+ Kg7 32.
Qxb7+ Qf7 33. Qxc6 Ne3+ 34. Kg1 Qxf3 35. Qd7+ Kh6 36.
Qh3+ Kg7 37. Qd7+ Kh6 38. Qh3+ Kg5 39. fxe3 Qxe3+ 40. Kh1 Qf3+ 41. Kg1 Qf2+ 42. Kh1 Qf3+ 43. Kg1 Qe3+ 44. Kh1 Qf3+ 1/2-1/2

[Event "*** Titled Tuesday Blitz"]
[Site "Chess.com"]
[Date "2020.11.10"]
[Round "7"]
[White "Yashasd1995"]
[Black "tdf98pantani"]
[Result "1-0"]
[WhiteElo "2570"]
[BlackElo "2711"]
[TimeControl "180+1"]
[EndTime "11:22:39 PST"]
[Termination "Yashasd1995 won by checkmate"]

1. b3 d5 2. Bb2 c5 3. e3 a6 4. f4 Nc6 5. Be2 Nf6 6. Nf3 Bg4 7.
Ne5 Bxe2 8. Qxe2 e6 9. O-O Bd6 10. d3 O-O 11. Nd2 Bxe5 12. fxe5 Nd7 13. Nf3 Qc7 14.
d4 b5 15. c4 bxc4 16. bxc4 dxc4 17. Qxc4 cxd4 18. exd4 Qb7 19. Ba3 Nb6 20. Qb3 Rfb8 21. Bd6 Qa7 22. Bxb8 Rxb8 23. Rab1 Nd5 24. Qc4 Rc8 25.
Rfc1 h6 26. Qc5 Qd7 27. Qd6 Qe8 28. h3 Kh7 29. Rb7 Nce7 30. Rxc8 Qxc8 31. Rxe7 Qc1+ 32. Kh2 Qf4+ 33. Kh1 Ne3 34. Qb8 Nf5 35. Qb1 g6 36.
Rxf7+ Kg8 37. Rxf5 gxf5 38. Qb8+ Kh7 39. Qc7+ Kg6 40.
Qe7 Qc1+ 41. Ng1 Qc4 42. Kh2 Kh5 43. a3 Qxd4 44. Qxe6 Qf4+ 45. Kh1 Qe4 46. Qf7+ Kh4 47. e6 Kg3 48. Qg7+ Kf2 49. Nf3 Qxe6 50. Qd4+ Kg3 51. Qh4# 1-0

[Event "*** Titled Tuesday Blitz"]
[Site "Chess.com"]
[Date "2020.11.10"]
[Round "7"]
[White "IngOscarArdila"]
[Black "DinaBelenkaya"]
[Result "0-1"]
[WhiteElo "2134"]
[BlackElo "2323"]
[TimeControl "180+1"]
[EndTime "11:22:40 PST"]
[Termination "DinaBelenkaya won by resignation"]

1. d4 d5 2. c4 dxc4 3. Qa4+ Nd7 4. Qxc4 a6 5. Nf3 Ngf6 6. Nc3 Nb6 7. Qb3 Bf5 8. Bf4 e6 9. e3 Bd6 10. Bg5 Be7 11. Be2 h6 12. Bh4 Ne4 13. Bxe7 Qxe7 14. O-O O-O 15. Rfd1 Rfd8 16. Rac1 a5 17. Nxe4 Bxe4 18. Ne5 Bd5 19. Qc3 c6 20. a3 a4 21.
Qc5 Qxc5 22. Rxc5 Bb3 23. Rdc1 Nd5 24. Bf3 f6 25. Ng6 Kf7 26. Bxd5 Rxd5 27. Nf4 Rxc5 28. Rxc5 Ke7 29. f3 Kd6 30. Kf2 b6 31. Rc3 c5 32.
dxc5+ bxc5 33. e4 g5 34. Nd3 c4 35. Nb4 Kc5 36. Ke2 Rd8 37. Nc2 Bxc2 38. Rxc2 Rd3 39.
Rd2 Rb3 40. Rc2 h5 41. h3 h4 42. Kf2 f5 43. exf5 exf5 44. Re2 Kd4 45. Rd2+ Ke5 46.
Re2+ Kd5 47. Rd2+ Kc5 48. Rc2 Rd3 49. Ke2 g4 50. fxg4 fxg4 51. hxg4 Rg3 52. Kf2 Rxg4 53.
Re2 Rg3 54. Re4 Rb3 55. Rxh4 Rxb2+ 56. Kf3 Rb3+ 57. Ke4 Rxa3 58. g4 Rg3 59. Kf4 Rg1 60. Kf3 Kb4 61. Kf2 Rd1 62. g5 a3 63. Rh8 a2 64. Rb8+ Kc3 65. Ra8 a1=Q 66. Rxa1 Rxa1 67.
g6 Ra6 68. g7 Rg6 0-1

[Event "*** Titled Tuesday Blitz"]
[Site "Chess.com"]
[Date "2020.11.10"]
[Round "7"]
[White "Jenia84"]
[Black "Ariadna_Atreides"]
[Result "1-0"]
[WhiteElo "2319"]
[BlackElo "2104"]
[TimeControl "180+1"]
[EndTime "11:22:40 PST"]
[Termination "Jenia84 won on time"]

1. Nf3 d5 2. b3 c6 3. Bb2 Nf6 4. e3 Bg4 5. Be2 Nbd7 6. O-O e6 7.
Ne5 Bxe2 8. Qxe2 Nxe5 9. Bxe5 Bd6 10. f4 O-O 11. d3 c5 12. Nd2 Qd7 13. Nf3 Ne8 14.
Bb2 f6 15. Qf2 Nc7 16. Rae1 Rae8 17. Qh4 Qf7 18. e4 d4 19. e5 Be7 20. exf6 Bxf6 21.
Ng5 Qg6 22. Qg3 Bxg5 23. fxg5 Nd5 24. Rxf8+ Rxf8 25. Qe5 Ne3 26. h4 Nxc2 27. Qxe6+ Qxe6 28. Rxe6 Nb4 29. Re7 Nxd3 30. Ba3 Rb8 31. Rc7 b6 32. Rxa7 Nf4 33. g3 Ne2+ 34. Kf2 Nc3 35. Bb2 Nb5 36.
Re7 Ra8 37. a4 Nd6 38. Re6 Rd8 39. Bc1 Kf7 40. Re1 Re8 41. Bf4 Rxe1 42. Kxe1 Ke6 43.
Ke2 Kd5 44. Kd3 g6 45. g4 Ne4 46. Bc7 Nf2+ 47. Ke2 Nxg4 48. Bxb6 Ne5 49. a5 1-0

[Event "*** Titled Tuesday Blitz"]
[Site "Chess.com"]
[Date "2020.11.10"]
[Round "7"]
[White "DonPreuss"]
[Black "Andrii_Prydun"]
[Result "0-1"]
[WhiteElo "2230"]
[BlackElo "2357"]
[TimeControl "180+1"]
[EndTime "11:22:42 PST"]
[Termination "Andrii_Prydun won on time"]

1. d4 d5 2. e4 dxe4 3. Nc3 Nf6 4. f3 exf3 5. Nxf3 Bg4 6. h3 Bh5 7. g4 Bg6 8. Ne5 Nbd7 9. Qf3 c6 10. Nxg6 hxg6 11.
g5 Nh5 12. Bg2 Qc7 13. Ne2 f6 14. Be3 O-O-O 15. O-O-O e5 16. d5 cxd5 17. Rxd5 Bc5 18. Bxc5 f5 19. Bxa7 e4 20. Qb3 b6 21. Rxd7 Rxd7 22. Bxb6 Qc6 23. Nd4 Qb7 24. a4 Nf4 25. Bf1 Nd5 26. a5 Nxb6 27. axb6 Rhd8 28. c3 Kb8 29.
Bb5 Rd6 30. Qc4 Rc8 31. Qa4 Qxb6 32. Rd1 e3 33. Kb1 f4 34. Qa6 Qxa6 35. Bxa6 Rxa6 36. Rf1 Rf8 37. Kc2 Ra5 38. Kd3 Rxg5 39. b4 Rg2 40. b5 Rf2 41. Ra1 Kb7 42. c4 Ra8 43. Rxa8 Kxa8 44.
c5 Rd2+ 45. Ke4 Rxd4+ 46. Kxd4 e2 0-1

[Event "*** Titled Tuesday Blitz"]
[Site "Chess.com"]
[Date "2020.11.10"]
[Round "7"]
[White "BJthechessgod"]
[Black "zurzan"]
[Result "1-0"]
[WhiteElo "2304"]
[BlackElo "2056"]
[TimeControl "180+1"]
[EndTime "11:22:42 PST"]
[Termination "BJthechessgod won by resignation"]

1. e4 Nf6 2. e5 Nd5 3. d4 d6 4.
Nf3 g6 5. c4 Nb6 6. Nc3 Bg7 7.
exd6 cxd6 8. Be3 O-O 9. Be2 Bg4 10. b3 Nc6 11. O-O Bxf3 12. Bxf3 e5 13. d5 Nd4 14.
Bxd4 exd4 15. Nb5 Qf6 16. Qd3 a6 17. Na3 Nd7 18. Nc2 Ne5 19. Qe4 Nxf3+ 20. gxf3 Rfe8 21.
Qd3 Qg5+ 22. Kh1 Qf4 23. Rg1 Be5 24. Rg3 Re7 25. Re1 Rae8 26. Re4 Qh6 27. Rg2 f5 28.
Re1 Bxh2 29. Rxe7 Bf4+ 30. Kg1 Rxe7 31. Qxd4 Be5 32. Qd1 Qf4 33. Ne3 Bd4 34. Nf1 Bc3 35. Qd3 Bb4 36. Ne3 Bc5 37. Nf1 Qd4 38. Qxd4 Bxd4 39.
Rg3 Re1 40. Kg2 Re2 41. Nh2 Rxf2+ 42. Kh3 Rxa2 43. f4 Rb2 44. Nf3 Bf2 45. Rg2 Be3 46.
Rxb2 Bxf4 47. b4 g5 48. Nd4 g4+ 49. Kg2 Be5 50. Rd2 b5 51. c5 dxc5 52. bxc5 f4 53. d6 f3+ 54. Nxf3 gxf3+ 55. Kxf3 Kf7 56. d7 Bc7 57.
d8=Q Bxd8 58. Rxd8 a5 59. c6 Ke7 60. c7 1-0

[Event "*** Titled Tuesday Blitz"]
[Site "Chess.com"]
[Date "2020.11.10"]
[Round "7"]
[White "TST2014"]
[Black "Margarita2907"]
[Result "1-0"]
[WhiteElo "2481"]
[BlackElo "2222"]
[TimeControl "180+1"]
[EndTime "11:22:42 PST"]
[Termination "TST2014 won by resignation"]

1. d4 d5 2. c4 e6 3. Nf3 Nf6 4. Nc3 Nbd7 5. e3 b6 6. cxd5 exd5 7. Bb5 Bd6 8. Bc6 Rb8 9. O-O Bb7 10. Qa4 O-O 11.
Nxd5 Nxd5 12. Bxd7 Nb4 13. Bg4 Be4 14. Bd2 Bc2 15.
Qd7 Qf6 16. Bxb4 Bxb4 17. Qxc7 Be4 18. Qe5 Qg6 19. Bh5 Qc6 20. Rac1 Qa8 21. Rc7 Rbe8 22. Qf4 Qd5 23. Ne5 Bd6 24. Rxf7 Bxe5 25. Rxf8+ Rxf8 26. Qxe5 Bxg2 27. Qxd5+ Bxd5 28. Bg4 Rf6 29. h3 Rg6 30.
Kh2 h5 31. e4 Bxe4 32. f3 hxg4 33. fxe4 gxh3 34. Kxh3 Rd6 35. d5 Rd8 36. Kg4 a5 37.
Rf5 g6 38. Rf6 Kg7 39. Rxb6 Re8 40. Kf4 Rh8 41. e5 Rh4+ 42. Ke3 Rh3+ 43. Kd4 Rh4+ 44. Kc5 Rh5 45. Rb7+ Kf8 46. e6 1-0

[Event "*** Titled Tuesday Blitz"]
[Site "Chess.com"]
[Date "2020.11.10"]
[Round "7"]
[White "gilbert_gm"]
[Black "ErikRonka"]
[Result "1-0"]
[WhiteElo "2543"]
[BlackElo "2396"]
[TimeControl "180+1"]
[EndTime "11:22:43 PST"]
[Termination "gilbert_gm won by resignation"]

1. e4 c6 2. Nc3 d5 3. d3 dxe4 4. dxe4 Qxd1+ 5. Nxd1 e5 6. Bc4 Bc5 7. Be3 Bxe3 8. Nxe3 Ke7 9. Nf3 f6 10. O-O-O Nh6 11.
Ne1 Be6 12. Nd3 Nd7 13. f3 g6 14. a4 a5 15. b3 Nf7 16. Nb2 h5 17. Rd2 Rhd8 18.
Rhd1 Nc5 19. Bxe6 Nxe6 20. c3 Rxd2 21. Rxd2 Nc7 22. Nbc4 b5 23. axb5 cxb5 24. Nb6 Rd8 25. Ned5+ Nxd5 26. Nxd5+ Ke8 27. Nxf6+ Ke7 28. Nd5+ Kf8 29.
Nc7 Rc8 30. Nxb5 h4 31. Kb2 Ng5 32. Rd3 Ne6 33. g3 hxg3 34. hxg3 Nc5 35. Rd5 a4 36. b4 Nb3 37. Ka3 Nc1 38. Rd1 Ne2 39. Kxa4 Nxc3+ 40.
Nxc3 Rxc3 41. b5 Rxf3 42. b6 Rf2 43. b7 Rb2 44. Rd8+ Ke7 45. b8=Q Rxb8 46. Rxb8 Kf6 47. Rb3 Kg5 48. Kb5 Kg4 49. Kc5 g5 50. Kd5 1-0

[Event "*** Titled Tuesday Blitz"]
[Site "Chess.com"]
[Date "2020.11.10"]
[Round "7"]
[White "Marcin"]
[Black "Meri-Arabidze"]
[Result "0-1"]
[WhiteElo "2481"]
[BlackElo "2620"]
[TimeControl "180+1"]
[EndTime "11:22:44 PST"]
[Termination "Meri-Arabidze won on time"]

1. d4 d5 2. c4 e6 3. Nf3 Nf6 4. Nc3 Nbd7 5. Bf4 dxc4 6. e4 Bb4 7. Bxc4 Nxe4 8. O-O Nxc3 9. bxc3 Bd6 10. Bg5 Be7 11. Bxe7 Qxe7 12. Re1 Nb6 13. Bd3 Bd7 14. a4 a5 15. Ne5 g6 16. Be4 Rb8 17. c4 O-O 18. c5 Nc8 19. Qf3 b6 20. c6 Be8 21. Rac1 Nd6 22.
Bb1 Qg5 23. g3 Rd8 24. h4 Qe7 25. Ng4 f5 26. Ne5 Kg7 27. Ba2 Rf6 28. h5 g5 29.
Nd3 h6 30. Rc2 Bf7 31. Rce2 Ne4 32. Qe3 Qd6 33. d5 exd5 34. Qd4 Kh7 35. Kg2 Bg8 36.
f4 Rdf8 37. Ne5 Be6 38. fxg5 hxg5 39. Rf1 f4 40. gxf4 gxf4 41. Kf3 Ng5+ 42. Kf2 f3 43. Re3 Ne4+ 44. Rxe4 dxe4 45. Qxd6 cxd6 46. Bxe6 Rxe6 47. Nd7 e3+ 48. Kg3 Rg8+ 49. Kh4 e2 0-1